 Dungeon Crawl Stone Soup version 0.31-a0-202-g547052bce9 (webtiles) character file.

Game seed: 8813975543546872700

9808 qw the Markself (level 11, 0/64 HPs)
             Began as a Deep Elf Hunter on June 26, 2023.
             Was a Believer of Okawaru.
             Succumbed to a cane toad's poison
             ... on level 1 of the Lair of Beasts.
             The game lasted 00:03:32 (8589 turns).

qw the Markself (Deep Elf Hunter)                   Turns: 8589, Time: 00:03:33

Health: 0/64       AC: 14    Str: 12    XL:     11   Next: 27%
Magic:  15/16      EV: 18    Int: 15    God:    Okawaru [**....]
Gold:   461        SH:  0    Dex: 18    Spells: 10/10 levels left

rFire   . . .        Y - +2 arbalest
rCold   . . .        (shield currently unavailable)
rNeg    + . .        a - +3 ring mail
rPois   .            h - +1 helmet
rElec   .            (no cloak)
rCorr   .            f - +0 pair of gloves
SInv    .            d - +0 pair of boots
Will    +....        c - amulet of regeneration
Stlth   +++          b - ring of positive energy
HPRegen 1.10/turn    (no ring)
MPRegen 0.15/turn

%: no passive effects
@: lethally poisoned (0 -> -6), heroic
A: no striking features
a: Renounce Religion, Heroism


You were on level 1 of the Lair of Beasts.
You worshipped Okawaru.
Okawaru was pleased with you.
You visited 3 branches of the dungeon, and saw 12 of its levels.

You collected 461 gold pieces.


   Skills:
 - Level 6.0(11.0) Fighting
 - Level 18.0(23.0) Ranged Weapons
 - Level 3.0(8.0) Armour
 + Level 8.8(13.8) Dodging
 - Level 1.2(6.2) Stealth
 - Level 4.1 Invocations


You had 10 spell levels left.
You didn't know any spells.
Your spell library was empty.

Inventory:

Hand Weapons
 Y - a +2 arbalest (weapon)
Armour
 a - a +3 ring mail (worn)
 d - a +0 pair of boots (worn)
 f - a +0 pair of gloves (worn)
 h - a +1 helmet (worn)
Jewellery
 b - a ring of positive energy (left hand)
 c - an amulet of regeneration (around neck)
Scrolls
 n - a scroll of identify
Potions
 e - a potion of cancellation
 j - 2 potions of mutation
 k - 3 potions of curing
 l - 4 potions of might
 m - a potion of experience {unknown}
 o - a potion of enlightenment
 p - a potion of lignification {unknown}

Dungeon Overview and Level Annotations

Branches:
Dungeon (10/15)            Temple (1/1) D:7            Lair (1/5) D:10
    Orc (0/2) D:10

Altars:
Ashenzari
Cheibriados
Dithmenos
Elyvilon
Fedhas
Gozag
Hepliaklqana
Kikubaaqudgha
Makhleb
Nemelex Xobeh
Okawaru
Qazlal
Ru
Sif Muna
Trog
Uskayaw
Vehumet
Wu Jian
Xom
Yredelemnul
Zin
The Shining One


Message History

The wolf completely misses you. The wolf closely misses you.
The wolf bites you but does no damage. The cane toad stings you!
You are poisoned.
The cane toad poisons you!
You shoot a bolt. The bolt closely misses the cane toad.
The water moccasin hisses angrily.
The bolt hits the water moccasin!
The water moccasin is heavily wounded.
You feel extremely sick. The wolf bites you but does no damage.
The wolf closely misses you. The wolf bites you but does no damage.
The cane toad stings you!
You are more poisoned.
The cane toad poisons you! The wolf misses you.
You shoot a bolt. The bolt hits the cane toad!!
You kill the cane toad!
Okawaru accepts your kill.
You feel extremely sick. The wolf completely misses you. The wolf bites you.
The wolf misses you. The wolf closely misses you.
You shoot a bolt. The bolt hits the wolf!!
You kill the wolf!
Okawaru accepts your kill.
You feel extremely sick. The wolf closely misses you.
The wolf bites you but does no damage.
You shoot a bolt.
The bolt hits the water moccasin but does no damage.
The water moccasin is heavily wounded.
You feel very sick. The wolf misses you.
The water moccasin bites you but does no damage.
The wolf closely misses you.
You shoot a bolt. The bolt hits the water moccasin!!!
You kill the water moccasin!
Okawaru accepts your kill.
You feel very sick. The wolf bites you. The wolf closely misses you.
You shoot a bolt. The bolt hits the wolf!!
You kill the wolf!
Okawaru accepts your kill.
You die...

#......>...
#.....>....
#..........
#..........
##./........
#...........
##..<.......
##..........
#.@%........
##%%........
#%.........
#..........
#..........
...........
.........
.........


There were no monsters in sight!

Vanquished Creatures
  A cane toad (Lair:1)
  A gargoyle (D:10)
  A komodo dragon (D:8)
  4 trolls
  Grinder (D:3)
  A hornet (D:7)
  22 yaks
  A wraith (D:10)
  A wyvern (D:9)
  An acid dragon (D:9)
  A water moccasin (Lair:1)
  Pargi (D:3)
  4 orc warriors
  An ice beast (D:6)
  A sky beast (D:7)
  2 black bears
  An ogre (D:4)
  8 wolves
  2 phantoms
  A centaur (D:10)
  2 kobold brigands
  3 bullfrogs (D:6)
  A gnoll sergeant (D:6)
  3 scorpions (D:6)
  5 wights (D:8)
  4 killer bees (D:8)
  2 electric eels (D:10)
  4 howler monkeys
  A lava snake (D:10)
  4 hounds
  3 orc priests
  2 gnoll boudas
  2 jellies
  2 sleepcaps (D:5)
  Ijyb (D:4)
  4 iguanas
  8 orc wizards
  23 gnolls
  6 adders
  3 white imps
  2 worms
  2 dart slugs (D:3)
  20 orcs
  5 endoplasms
  4 giant cockroaches
  8 goblins
  8 hobgoblins
  2 quokkas
  5 ball pythons
  8 bats
  A frilled lizard (D:2)
  11 kobolds
  9 rats
224 creatures vanquished.

Notes
Turn   | Place    | Note
-------+----------+-------------------------------------------
     0 | D:1      | qw the Deep Elf Hunter began the quest for the Orb.
     0 | D:1      | Reached XP level 1. HP: 12/12 MP: 3/3
     0 | D:1      | 0 ||| qw: Version: 0.3-a-22-g0ed2b0b
     0 | D:1      | 0 ||| qw: Game counter: 6133
     0 | D:1      | 0 ||| qw: Melee chars always use a shield: true
     0 | D:1      | 0 ||| qw: God list: Okawaru
     0 | D:1      | 0 ||| qw: Allow faded altars: false
     0 | D:1      | 0 ||| qw: Do Orc after clearing Dungeon:15 true
     0 | D:1      | 0 ||| qw: Do second Lair branch before Depths: true
     0 | D:1      | 0 ||| qw: Lair rune preference: random
     0 | D:1      | 0 ||| qw: Goals: Normal
     0 | D:1      | 0 ||| PLANNING D:1-11
    15 | D:1      | 15 ||| SWAPPING to +0 arbalest.
    17 | D:1      | 17 ||| DROPPING +0 shortbow.
    64 | D:1      | Reached XP level 2. HP: 16/16 MP: 4/4
    65 | D:1      | Reached skill level 6 in Ranged Weapons
    89 | D:1      | 89 ||| FLEEEEING.
    90 | D:1      | 90 ||| FLEEEEING.
   116 | D:1      | 116 ||| FLEEEEING.
   117 | D:1      | 117 ||| FLEEEEING.
   118 | D:1      | 118 ||| FLEEEEING.
   366 | D:1      | Reached XP level 3. HP: 20/20 MP: 5/5
   421 | D:1      | 421 ||| UPGRADING to +0 ring mail.
   431 | D:1      | 431 ||| DROPPING +0 leather armour.
   432 | D:1      | 432 ||| READING scroll labelled MISKI ONAFIFIQ.
   471 | D:1      | 471 ||| READING scroll labelled IMUUPL WESA.
   475 | D:1      | 475 ||| READING scroll labelled KAUBRU GIJIM.
   476 | D:1      | 476 ||| DROPPING scroll of butterflies.
  1281 | D:2      | 1281 ||| UPGRADING to +0 pair of boots.
  1286 | D:2      | 1286 ||| READING 2 scrolls labelled TOURAB PIFEU.
  1287 | D:2      | 1287 ||| READING scroll labelled QYUNODE XERO.
  1288 | D:2      | 1288 ||| READING 2 scrolls labelled SIOKIXAKKA.
  1289 | D:2      | 1289 ||| READING scroll labelled ADDYUS ANU ZOAT.
  1290 | D:2      | 1290 ||| DROPPING scroll of noise.
  1291 | D:2      | 1291 ||| DROPPING scroll of vulnerability.
  1352 | D:3      | Reached skill level 7 in Ranged Weapons
  1415 | D:3      | Found a blossoming altar of Fedhas.
  1416 | D:3      | Found a shimmering altar of Xom.
  1447 | D:3      | Found an ancient bone altar of Kikubaaqudgha.
  1456 | D:3      | Noticed Grinder
  1456 | D:3      | Found a hide-covered altar of Uskayaw.
  1460 | D:3      | Paralysed by Grinder for 3 turns
  1472 | D:3      | HP: 4/20 [Grinder (8)]
  1473 | D:3      | 1473 ||| READING scroll of teleportation.
  1474 | D:3      | Killed Grinder
  1475 | D:3      | Reached skill level 9 in Ranged Weapons
  1475 | D:3      | Reached XP level 4. HP: 5/25 MP: 6/6
  1475 | D:3      | Reached XP level 5. HP: 5/29 MP: 7/7
  1617 | D:3      | Reached XP level 6. HP: 35/35 MP: 8/8
  1647 | D:3      | Noticed Pargi
  1656 | D:3      | Killed Pargi
  2448 | D:3      | 2448 ||| UPGRADING to +0 troll leather armour {Pargi}.
  2458 | D:3      | 2458 ||| DROPPING +0 ring mail.
  2459 | D:3      | 2459 ||| UPGRADING to +0 helmet.
  2464 | D:3      | 2464 ||| READING scroll labelled GERHOL CUPP.
  2565 | D:3      | 2565 ||| READING 2 scrolls labelled UHACVE SYAXZO.
  2566 | D:3      | 2566 ||| READING scroll of enchant weapon.
  2566 | D:3      | 2566 ||| ENCHANTING +1 arbalest.
  2567 | D:3      | 2567 ||| DRINKING 3 cyan potions.
  2568 | D:3      | 2568 ||| DROPPING 2 potions of brilliance.
  2602 | D:4      | Noticed Ijyb
  2605 | D:4      | 2605 ||| STAIRDANCE
  2616 | D:4      | Killed Ijyb
  2669 | D:4      | Reached XP level 7. HP: 34/40 MP: 9/9
  2683 | D:4      | Reached skill level 10 in Ranged Weapons
  2750 | D:4      | 2750 ||| Stepping ~*~*~tactically~*~*~ (outnumbered).
  2753 | D:4      | 2753 ||| Stepping ~*~*~tactically~*~*~ (outnumbered).
  2785 | D:4      | 2785 ||| FLEEEEING.
  2923 | D:4      | Reached skill level 11 in Ranged Weapons
  3115 | D:4      | 3115 ||| UPGRADING to +3 ring mail.
  3125 | D:4      | 3125 ||| DROPPING +0 troll leather armour {Pargi}.
  3142 | D:5      | Entered Level 5 of the Dungeon
  3262 | D:5      | Reached skill level 1 in Armour
  3955 | D:5      | 3955 ||| DROPPING ring of flight.
  3956 | D:5      | 3956 ||| DROPPING ring of wizardry.
  3957 | D:5      | 3957 ||| READING 3 scrolls of identify.
  3957 | D:5      | 3957 ||| IDENTIFYING emerald potion
  3958 | D:5      | 3958 ||| READING 2 scrolls of identify.
  3958 | D:5      | 3958 ||| IDENTIFYING inky potion
  3959 | D:5      | 3959 ||| DROPPING potion of attraction.
  3960 | D:5      | 3960 ||| DROPPING potion of degeneration.
  4028 | D:6      | Reached XP level 8. HP: 45/45 MP: 10/10
  4032 | D:6      | Reached skill level 12 in Ranged Weapons
  4035 | D:6      | Reached skill level 3 in Fighting
  4180 | D:6      | Reached skill level 13 in Ranged Weapons
  4281 | D:6      | Reached skill level 14 in Ranged Weapons
  4596 | D:6      | 4596 ||| READING scroll labelled REDO DAMOULUF.
  4597 | D:6      | 4597 ||| READING scroll labelled UDEUSI VACONIR.
  4599 | D:6      | 4599 ||| Stepping ~*~*~tactically~*~*~ (cloud).
  4723 | D:7      | 4723 ||| STAIRDANCE
  4784 | D:7      | 4784 ||| STAIRDANCE
  4805 | D:7      | 4805 ||| STAIRDANCE
  4841 | D:7      | 4841 ||| STAIRDANCE
  4909 | D:7      | 4909 ||| Stepping ~*~*~tactically~*~*~ (outnumbered).
  4912 | D:7      | 4912 ||| Stepping ~*~*~tactically~*~*~ (outnumbered).
  4913 | D:7      | 4913 ||| Stepping ~*~*~tactically~*~*~ (outnumbered).
  4916 | D:7      | Reached XP level 9. HP: 50/50 MP: 11/11
  5093 | D:7      | Found a staircase to the Ecumenical Temple.
  5094 | D:7      | 5094 ||| PLANNING TEMPLE
  5099 | D:7      | Reached skill level 15 in Ranged Weapons
  5102 | D:7      | HP: 8/50 [yak (8)]
  5103 | D:7      | 5103 ||| READING scroll of teleportation.
  5257 | D:7      | 5257 ||| READING 2 scrolls of identify.
  5257 | D:7      | 5257 ||| IDENTIFYING fizzy inky potion
  5258 | D:7      | 5258 ||| Stepping randomly (stuck).
  5259 | D:7      | 5259 ||| Stepping randomly (stuck).
  5260 | D:7      | 5260 ||| Stepping randomly (stuck).
  5261 | D:7      | 5261 ||| Stepping randomly (stuck).
  5262 | D:7      | 5262 ||| Stepping randomly (stuck).
  5263 | D:7      | 5263 ||| Stepping randomly (stuck).
  5264 | D:7      | 5264 ||| Stepping randomly (stuck).
  5274 | D:7      | 5274 ||| Stepping randomly (stuck).
  5275 | D:7      | 5275 ||| Stepping randomly (stuck).
  5276 | D:7      | 5276 ||| Stepping randomly (stuck).
  5277 | D:7      | 5277 ||| Stepping randomly (stuck).
  5278 | D:7      | 5278 ||| Stepping randomly (stuck).
  5279 | D:7      | 5279 ||| Stepping randomly (stuck).
  5290 | Temple   | Entered the Ecumenical Temple
  5306 | Temple   | 5306 ||| PLANNING OKAWARU WORSHIP
  5441 | Temple   | Became a worshipper of Warmaster Okawaru
  5442 | Temple   | 5442 ||| PLANNING D:1-11
  5690 | D:7      | You fall into a shaft and drop 1 floor!
  5712 | D:8      | 5712 ||| UPGRADING to amulet of regeneration.
  5803 | D:7      | Reached skill level 16 in Ranged Weapons
  5806 | D:7      | Reached * piety under Okawaru
  5810 | D:7      | 5810 ||| INVOKING Heroism.
  5811 | D:7      | HP: 11/52 [yak (8)]
  5812 | D:7      | 5812 ||| READING scroll of teleportation.
  5812 | D:7      | HP: 4/52 [yak (8)]
  5915 | D:7      | Reached skill level 6 in Dodging
  6171 | D:7      | 6171 ||| DROPPING amulet of guardian spirit.
  6238 | D:8      | Noticed a komodo dragon
  6240 | D:8      | 6240 ||| INVOKING Heroism.
  6245 | D:8      | Killed a komodo dragon
  6246 | D:8      | Reached skill level 1 in Invocations
  6246 | D:8      | Reached XP level 10. HP: 57/57 MP: 9/13
  6314 | D:8      | 6314 ||| INVOKING Heroism.
  6416 | D:8      | 6416 ||| INVOKING Heroism.
  6720 | D:8      | 6720 ||| UPGRADING to ring of positive energy.
  6721 | D:8      | 6721 ||| DRINKING 2 black potions.
  6826 | D:8      | 6826 ||| DRINKING 2 bubbling inky potions.
  6827 | D:8      | 6827 ||| READING 2 scrolls of identify.
  6827 | D:8      | 6827 ||| IDENTIFYING bubbling ruby potion
  6828 | D:8      | 6828 ||| DROPPING potion of berserk rage.
  6861 | D:9      | 6861 ||| INVOKING Heroism.
  6865 | D:9      | Reached skill level 3 in Invocations
  6874 | D:9      | 6874 ||| STAIRDANCE
  6876 | D:8      | 6876 ||| INVOKING Heroism.
  6877 | D:8      | HP: 13/57 [yak (9)]
  6878 | D:8      | 6878 ||| READING scroll of teleportation.
  6878 | D:8      | HP: 3/57 [yak (11)]
  6879 | D:8      | 6879 ||| DRINKING potion of heal wounds.
  6953 | D:8      | 6953 ||| INVOKING Heroism.
  6997 | D:9      | Reached skill level 17 in Ranged Weapons
  7026 | D:9      | 7026 ||| READING scroll of enchant armour.
  7026 | D:9      | 7026 ||| ENCHANTING +0 helmet.
  7094 | D:9      | 7094 ||| INVOKING Heroism.
  7096 | D:9      | 7096 ||| Stepping ~*~*~tactically~*~*~ (outnumbered).
  7224 | D:9      | 7224 ||| FLEEEEING.
  7225 | D:9      | 7225 ||| FLEEEEING.
  7229 | D:9      | 7229 ||| FLEEEEING.
  7230 | D:9      | 7230 ||| FLEEEEING.
  7231 | D:9      | 7231 ||| FLEEEEING.
  7516 | D:9      | 7516 ||| INVOKING Heroism.
  7521 | D:9      | Reached skill level 18 in Ranged Weapons
  7523 | D:9      | Reached ** piety under Okawaru
  7676 | D:9      | 7676 ||| UPGRADING to +0 pair of gloves.
  7681 | D:9      | 7681 ||| DRINKING 2 sedimented inky potions.
  7682 | D:9      | 7682 ||| READING 2 scrolls of identify.
  7682 | D:9      | 7682 ||| IDENTIFYING silvery potion
  7703 | D:10     | Entered Level 10 of the Dungeon
  7711 | D:10     | Found a staircase to the Orcish Mines.
  7740 | D:10     | 7740 ||| INVOKING Heroism.
  7759 | D:10     | 7759 ||| FLEEEEING.
  7759 | D:10     | HP: 13/59 [electric eel/bolt of electricity (4)]
  7760 | D:10     | 7760 ||| FLEEEEING.
  7761 | D:10     | 7761 ||| FLEEEEING.
  7762 | D:10     | 7762 ||| FLEEEEING.
  7767 | D:10     | 7767 ||| STAIRDANCE
  7769 | D:9      | 7769 ||| INVOKING Heroism.
  7884 | D:10     | Reached skill level 3 in Armour
  7895 | D:10     | Reached XP level 11. HP: 63/63 MP: 16/16
  7977 | D:10     | 7977 ||| INVOKING Heroism.
  8053 | D:10     | 8053 ||| INVOKING Heroism.
  8157 | D:10     | 8157 ||| INVOKING Heroism.
  8162 | D:10     | 8162 ||| FLEEEEING.
  8163 | D:10     | 8163 ||| FLEEEEING.
  8165 | D:10     | 8165 ||| FLEEEEING.
  8166 | D:10     | 8166 ||| FLEEEEING.
  8167 | D:10     | 8167 ||| FLEEEEING.
  8171 | D:10     | 8171 ||| FLEEEEING.
  8172 | D:10     | 8172 ||| FLEEEEING.
  8173 | D:10     | 8173 ||| FLEEEEING.
  8251 | D:10     | 8251 ||| INVOKING Heroism.
  8303 | D:10     | Found a shimmering blue altar of Sif Muna.
  8303 | D:10     | Found a glowing silver altar of Zin.
  8450 | D:10     | Found a staircase to the Lair.
  8454 | D:10     | 8454 ||| INVOKING Heroism.
  8524 | D:10     | 8524 ||| PLANNING LAIR
  8524 | D:10     | 8524 ||| DROPPING +2 robe of positive energy.
  8525 | D:10     | 8525 ||| READING 2 scrolls labelled YRGHIGOIPT.
  8526 | D:10     | 8526 ||| READING scroll labelled GIUCLY GIGECRUNAO.
  8527 | D:10     | 8527 ||| DROPPING scroll of amnesia.
  8569 | Lair:1   | Entered Level 1 of the Lair of Beasts
  8577 | Lair:1   | Reached skill level 6 in Fighting
  8579 | Lair:1   | 8579 ||| INVOKING Heroism.
  8586 | Lair:1   | HP: 15/64 [poisoned by a cane toad]
  8588 | Lair:1   | HP: 7/64 [poisoned by a cane toad]
  8588 | Lair:1   | HP: 2/64 [wolf (5)]
  8589 | Lair:1   | Succumbed to a cane toad's poison

Levels and vault maps discovered:
D:1:      co_arrival_square_in_a_square_in_a_square, layout_rooms,
          minmay_misc_feat_columns, nrook_mini_backslash, chequers_garden
D:2:      layout_basic, grunt_decor_resistance
D:3:      layout_loops_ring, nicolae_overflow_squiral,
          mainiacjoe_overflow_large_starburst, serial_forest,
          infiniplex_forest_end_3, infiniplex_forest_clump_long,
          infiniplex_forest_corner_2, infiniplex_forest_end_3,
          infiniplex_forest_lined_room_3, infiniplex_forest_clump_cross,
          infiniplex_forest_straight_3, infiniplex_forest_straight_4,
          infiniplex_forest_lined_room_3, minmay_between, uniq_grinder,
          uniq_pargi
D:4:      layout_basic, uniq_ijyb
D:5:      layout_gridville, nicolae_half_adder
D:6:      layout_loops_ring, minmay_manual_mess
D:7:      layout_gridville, minmay_temple_entry_statues_fountains
D:8:      layout_cave_pools, enter_bailey_8, minmay_microvault
D:9:      layout_loops_ring, billiards_dpeg
D:10:     layout_stronghold, nicolae_overflow_two_pavilions, erik_lair_island
Temple:   eino_temple_scatter_basement
Lair:1:   layout_cave_pods

Skill      XL: |  1  2  3  4  5  6  7  8  9 10 11 |
---------------+----------------------------------+-----
Ranged Weapons | 6 9 11 14 16 18 | 18.0
Fighting       | 2 3 4 5 6 |  6.0
Dodging        | 4 5 6 7 8 |  8.8
Armour         | 1 2 3 |  3.0
Invocations    | 1 4 |  4.1
Stealth        | |  1.2

Action                     |  1- 3 |  4- 6 |  7- 9 | 10-12 || total
---------------------------+-------+-------+-------+-------++-------
   Fire: Arbalest          |   105 |    43 |   266 |   247 ||   661
 Invoke: Heroism           |       |       |     2 |    15 ||    17
    Use: Scroll            |     8 |     3 |     7 |     6 ||    24
         Potion            |       |     1 |       |     4 ||     5
 Armour: Leather armour    |    11 |       |       |       ||    11
         Ring mail         |     6 |    10 |    41 |    68 ||   125
         Troll leather arm |       |     7 |     5 |       ||    12
  Dodge: Dodged            |    31 |    30 |    94 |   152 ||   307

Table legend:
 A = Non-vault XP
 B = Vault XP
 C = Vault XP percentage of total XP
 D = Non-vault monster count
 E = Vault monster count
 F = Vault count percentage of total count
                 A         B        C        D         E       F
            +---------+---------+-------+---------+---------+-------
      Total |   11842 |    2286 |  16.2 |     199 |      25 |  11.2
            +---------+---------+-------+---------+---------+-------
        D:1 |      44 |       0 |   0.0 |      29 |       0 |   0.0
        D:2 |      15 |       0 |   0.0 |       9 |       0 |   0.0
        D:3 |      33 |     440 |  93.0 |      10 |       5 |  33.3
        D:4 |     506 |      36 |   6.6 |      28 |       1 |   3.4
        D:5 |     259 |      68 |  20.8 |       7 |       5 |  41.7
        D:6 |     798 |     297 |  27.1 |      17 |       3 |  15.0
        D:7 |    2313 |       0 |   0.0 |      28 |       0 |   0.0
        D:8 |    1852 |     343 |  15.6 |      26 |       1 |   3.7
        D:9 |    2322 |     269 |  10.4 |      22 |       3 |  12.0
       D:10 |    2662 |     833 |  23.8 |      17 |       7 |  29.2
     Lair:1 |    1038 |       0 |   0.0 |       6 |       0 |   0.0
            +---------+---------+-------+---------+---------+-------
